 Dungeon Crawl Stone Soup version 0.28.0-62-gf88900778d (webtiles) character file.

Game seed: 1848686957315339829

836 Nonny the Sneak (level 7, 0/54 HPs)
             Began as a Vine Stalker Gladiator on Apr 14, 2023.
             Was a Follower of Qazlal.
             Succumbed to a killer bee's poison
             ... on level 7 of the Dungeon.
             The game lasted 00:20:12 (3285 turns).

Nonny the Sneak (Vine Stalker Gladiator)            Turns: 3285, Time: 00:20:13

Health: 0/54       AC: 23    Str: 15 (17) XL:     7   Next: 99%
Magic:  0/8        EV:  2    Int:  6 (8)  God:    Qazlal [*.....]
Gold:   214        SH:  1    Dex: 14 (17) Spells: 6/6 levels left

rFire   . . .      SeeInvis .   a - +0 rapier
rCold   . . .      Faith    .   (no shield)
rNeg    . . .      Spirit   +   (armour currently unavailable)
rPois   +          Reflect  .   (helmet currently unavailable)
rElec   .          Harm     .   (cloak currently unavailable)
rCorr   .          Rampage  .   (gloves currently unavailable)
Will    .....      NoTele   +   (boots currently unavailable)
Stlth   +++.......              (no amulet)
HPRegen 0.98/turn               (no ring)
MPRegen 0.11/turn               (no ring)

@: lethally poisoned (0 -> 0), tree-form
A: stationary, stasis, torment immunity, boosted hp, (fangs 2), regeneration 1,
magic shield, (antimagic bite), no potion heal 2
a: Renounce Religion


You were on level 7 of the Dungeon.
You worshipped Qazlal.
Qazlal was aware of your devotion.
You were a tree.
You visited 1 branch of the dungeon, and saw 7 of its levels.

You collected 214 gold pieces.

Inventory:

Hand Weapons
 a - a +0 rapier (weapon)
Missiles
 d - 3 throwing nets (quivered)
 n - 2 javelins
 t - 6 poisoned darts
Armour
 b - a +0 plate armour
 c - a +0 helmet (melded)
 r - a +0 ring mail (melded)
Magical Staves
 j - a staff of poison
Wands
 w - a wand of acid (10)
Scrolls
 f - a scroll of enchant armour {unknown}
 g - 4 scrolls of teleportation {unknown}
 h - a scroll of vulnerability {unknown}
 i - 3 scrolls of identify {unknown}
 l - 2 scrolls of magic mapping {unknown}
 u - a scroll of torment {unknown}
 v - a scroll of summoning {unknown}
Potions
 e - 2 potions of brilliance
 o - a potion of ambrosia {unknown}
 p - 2 potions of lignification
 q - a potion of attraction {unknown}
 s - 2 potions of resistance {unknown}


   Skills:
 + Level 3.4 Fighting
 + Level 5.2 Short Blades
 - Level 1.7 Throwing
 + Level 2.2 Armour
 - Level 2.4 Dodging
 * Level 6.9 Stealth
 - Level 1.0 Invocations


You had 6 spell levels left.
You didn't know any spells.
Your spell library contained the following spells:

 Spells                   Type           Power      Damage    Failure   Level
 Apportation              Tloc           0%         N/A       45%         1
 Magic Dart               Conj           0%         1d3       45%         1
 Inner Flame              Hex/Fire       0%         N/A       83%         3
 Petrify                  Tmut/Erth      0%         N/A       99%         4
 Alistair's Intoxication  Tmut/Pois      0%         N/A       100%        5
 Fireball                 Conj/Fire      0%         3d3       100%        5
 Metabolic Englaciation   Hex/Ice        0%         N/A       100%        5
 Statue Form              Tmut/Erth      0%         N/A       100%        6


Dungeon Overview and Level Annotations

Branches:
Dungeon (7/15)
 Temple: D:4-7

Altars:
Makhleb
Qazlal
Sif Muna
Trog

Shops:
D:4 *


Innate Abilities, Weirdness & Mutations

You are a tree.
Your roots penetrate the ground, keeping you stationary.
You cannot be teleported.
You are immune to unholy pain and torment.
Your maximum health is greatly increased.
Your equipment is partially melded.
((You have extremely sharp teeth.))
Your natural rate of healing is unusually fast.
When hurt, damage is shared between your health and your magic reserves.
((Your bite disrupts and absorbs the magic of your enemies.))
Potions cannot restore your health.


Message History

You kill the killer bee!
Qazlal accepts your kill.
The killer bee stings you but does no damage.
The killer bee stings you.
You are poisoned.
The killer bee poisons you!
Unknown command.
Unknown command.
You miss the killer bee.
The killer bee is severely wounded.
You feel sick. The killer bee barely misses you.
The killer bee closely misses you.
Unknown command.
You closely miss the killer bee. Your bite misses the killer bee.
The killer bee is severely wounded.
You feel sick. The killer bee closely misses you. The killer bee stings you.
* * * LOW HITPOINT WARNING * * *
You are lethally poisoned!
The killer bee poisons you!
Unknown command.
You are too injured to fight recklessly!
It was a potion of lignification.
You turn into a tree.
Your +0 helmet melds into your body.
Your +0 ring mail melds into your body.
Your roots penetrate the ground.
You feel very sick.
The killer bee stings you but does no damage. x2
Enter note: fuming blue potion - lignification You barely miss the killer bee.
The killer bee is severely wounded.
You feel sick.
The killer bee stings you but does no damage. x2
You closely miss the killer bee.
The killer bee is severely wounded.
You feel sick. The killer bee stings you.
* * * LOW HITPOINT WARNING * * *
The killer bee stings you.
* * * LOW HITPOINT WARNING * * *
You barely miss the killer bee.
The killer bee is severely wounded.
You die...

..... #..#...>.... ....
##.......... #..# ##..#........
#..## #..#......... ### #..#
###..........>. ..####..###
##.............. ....##....####
##y†.............
........#....####yy###...........
.....#######....♣####............
......# ####○## ##...........
......# #..# ##.......... #######
#..# ##........# ##.# ##......##
.# ###...## # .# ##### .# .# ##
..


You could see 3 killer bees.

Vanquished Creatures
  A water moccasin (D:7)
  A black bear (D:3)
  A centaur (D:7)
  A kobold brigand (D:4)
  2 killer bees (D:7)
  A centaur zombie (D:7)
  2 hounds (D:7)
  A gnoll shaman (D:4)
  Jessica (D:3)
  A killer bee zombie (D:4)
  A hound skeleton (D:4)
  10 gnolls
  2 adders
  A worm (D:2)
  4 dart slugs
  An orc (D:3)
  8 ball pythons
  11 bats
  11 endoplasms
  5 giant cockroaches
  11 goblins
  9 hobgoblins
  4 jackals (D:1)
  5 kobolds
  5 quokkas
  2 frilled lizards (D:2)
  5 rats
  A spectral goblin (D:1)
108 creatures vanquished.

Notes
Turn   | Place    | Note
-------+----------+-------------------------------------------
     0 | D:1      | Nonny the Vine Stalker Gladiator began the quest for the
                  | Orb.
     0 | D:1      | Reached XP level 1. HP: 11/11 MP: 2/2
    52 | D:1      | Starting vault: Just the entrance in a 1x1 room, doors up
                  | and down.
   116 | D:1      | Reached skill level 1 in Stealth
   142 | D:1      | Reached XP level 2. HP: 14/15 MP: 3/3
   213 | D:1      | Found a faded altar of an unknown god.
   263 | D:1      | Reached skill level 2 in Stealth
   496 | D:1      | Reached XP level 3. HP: 18/18 MP: 4/4
   502 | D:1      | Book of Party Tricks
   710 | D:1      | Reached skill level 3 in Stealth
   716 | D:1      | Got the Handbook of Scorching Attacks
   717 | D:1      | Handbook of Scorching Attacks: Inner Flame and Fireball
   791 | D:1      | Book of Sloth
  1003 | D:3      | Gained mutation: Your natural rate of healing is unusually
                  | fast. [Vine Stalker growth]
  1003 | D:3      | Reached XP level 4. HP: 20/23 MP: 5/5
  1010 | D:3      | Staff of poison
  1154 | D:3      | Found a bloodstained altar of Trog.
  1168 | D:3      | Reached skill level 4 in Stealth
  1176 | D:3      | Found a shimmering blue altar of Sif Muna.
  1176 | D:3      | Noticed Jessica
  1179 | D:3      | Killed Jessica
  1181 | D:3      | Got Sif Muna's Grimoire of Attacks
  1314 | D:3      | Lots of water on this floor.
  1335 | D:3      | Found a burning altar of Makhleb.
  1335 | D:3      | Found a stormy altar of Qazlal.
  1340 | D:3      | Became a worshipper of Qazlal Stormbringer
  1400 | D:2      | Reached XP level 5. HP: 26/26 MP: 6/6
  1409 | D:2      | Found a bloodstained altar of Trog.
  1571 | D:2      | Reached skill level 5 in Stealth
  2431 | D:4      | Noticed a kobold brigand
  2437 | D:4      | Noticed a black bear
  2444 | D:4      | HP: 1/26 [black bear (3)]
  2483 | D:3      | Killed a black bear
  2484 | D:3      | Reached skill level 6 in Stealth
  2484 | D:3      | Reached XP level 6. HP: 24/30 MP: 7/7
  2514 | D:4      | Reached skill level 1 in Invocations
  2599 | D:4      | Found Ocebb's Mayhem Merchandise.
  2714 | D:4      | Reached * piety under Qazlal
  2715 | D:4      | Reached skill level 1 in Armour
  2726 | D:4      | Reached XP level 7. HP: 13/35 MP: 2/8
  2874 | D:5      | Entered Level 5 of the Dungeon
  2970 | D:7      | Reached skill level 5 in Short Blades
  3275 | D:7      | viscous red potion - degeneration
  3283 | D:7      | fuming blue potion - lignification
  3284 | D:7      | HP: 1/54 [killer bee (3)]
  3285 | D:7      | Succumbed to a killer bee's poison

Illustrated notes #.# #.# . #.# .. #.# ... #.# ..!. ###.# .....##...# #.....@#### #.##.##...# #.##'#.# #.##<#.# #.##+#.# #.##...# #.####.# #.# #.# #.# #.# Turn 52 on D:1: Starting vault: Just the entrance in a 1x1 room, doors up and down. #.# ###### ...##.# ### .....# ..##.# #.# ####.# ..##.# #.# ...#.# ..##.# #.# .#.#.# #.##.# #.# .#.#.# #.##.# #.# .#.#.# #.##.# #.#### .#.#.# #@##.# #....# .#.#.# #..#.# ####.# ##.#.# ##.#.# #.###### ...#.# #...# #....... .#.#.# ##..# ######## ##.#.# #.># ...#.# ##.# ####.# #.# # #.# ..# Turn 502 on D:1: Book of Party Tricks #.............####. ###..###......##... ######.###.####...... #.†......#.# #.##.## #.###......# #.##.## #...###....# #.##.## ###.....###...# #.##.## #.h......$###.# #.##.## #.#...@.### .# #.##.## #.#...### # #. #.# # #.### #.# #.. #.# #.. #.# #. #.# #.# #.# #.# Turn 717 on D:1: Handbook of Scorching Attacks: Inner Flame and Fireball #.###......# #.##.# #...###....# #.##.# ### ###..†..###...# #.##.# #.######.........###.# #.##.# #†.....#.#....b###...# #.##.# #.####.#.#...###.... # #. #.# #....#.#.#.###...# #.# #.#.##.#.#.....# #.# #.#....#.#..@### #.# #.######.#.### #.# #........#.. #.# ###########. #.# . #.# #. #.# #.# #.# #.# Turn 791 on D:1: Book of Sloth ####.##..# #..##.# #..#.## ##....#### #........# #........# #.†.†>...# #........# #.$@.....# ########## Turn 1010 on D:3: Staff of poison

##...#### ≈≈≈≈≈≈..#.......)..##
####..# #≈≈≈≈≈≈......#...###
##....# #≈≈≈≈≈≈.......###
#.....## #≈≈≈≈.≈....###
.......#######≈≈≈≈.....## #...
..#.......#.#≈≈≈≈≈≈.....### .....
.##..........≈≈≈≈≈≈........##....
##...........≈≈≈≈≈.#.#...### #...
#............≈≈.@≈.......## #...
..............)≈≈≈.......##.##...
........#...#≈.≈≈≈≈#......#.'....
##.######.....≈≈≈≈≈.......# #...
#.# #.#...≈≈≈≈.#......# ##..
##.######...#.≈≈≈≈≈.......######†
...#........#.≈≈≈≈≈#.....>.##..).
>....####.#.#≈≈≈≈≈#######.....#.#
###### #...#.≈≈≈≈≈≈≈≈####..#...#


Turn 1314 on D:3: Lots of water on this floor. ..... #..#...>.... ....
##.......... #..# ##..#........ #..## #..#......... ### #..# ###..........>.
..####..### ##y............. ....##....#### ##yy.............
........#....####yy###........... .....#######....@####............ ......#
####.## ##........... ......# #..# ##.......... ####### #..# ##........# ##.#
##......## .# ###...## # .# ##### .# .# ## .. Turn 3275 on D:7: viscous red
potion - degeneration ..... #..#...>.... .... ##.......... #..# ##..#........
#..## #..#......... ### #..# ###..........>. ..####..### ##..............
....##....#### ##y†............. ........#....####yy###...........
.....#######....♣####............ ......# ####.## ##........... ......# #..#
##.......... ####### #..# ##........# ##.# ##......## .# ###...## # .# ##### .#
.# ## .. Turn 3283 on D:7: fuming blue potion - lignification

Levels and vault maps discovered:
D:1:      dpeg_arrival_tiny_c, layout_basic,
          dreamdust_ecumenical_altar_drowned_temple, minmay_unequal
D:2:      layout_basic, basic_altar
D:3:      layout_rooms, nzn_overflow_gifts_of_might_and_magic,
          gammafunk_temple_overflow_elements, serial_rivers,
          chequers_serial_rivers_micro_c, chequers_serial_rivers_large_a,
          chequers_serial_rivers_micro_a, chequers_serial_rivers_micro_e,
          chequers_serial_rivers_micro_a, chequers_serial_rivers_room_b
D:4:      layout_rooms, minmay_shop_mayhem
D:5:      gammafunk_cloud_chamber, layout_cave_pools, uniq_pikel
D:6:      layout_loops_ring, minmay_temple_entry_sparse_star,
          minmay_misc_feat_room, nicolae_shop_self_help, uniq_duvessa
D:7:      layout_cave_pods

Skill      XL: |  1  2  3  4  5  6  7 |
---------------+----------------------+-----
Stealth        | 1 2 3 4 6 |  6.9
Fighting       | 2 3 |  3.4
Short Blades   | 3 4 5 |  5.2
Invocations    | 1 |  1.0
Armour         | 1 2 |  2.2
Throwing       | |  1.7
Dodging        | |  2.4

Action                   |  1- 3 |  4- 6 |  7- 9 || total
-------------------------+-------+-------+-------++-------
Melee: Rapier            |   102 |   159 |    64 ||   325
       Bite              |    23 |    45 |    25 ||    93
       Punch             |     3 |     1 |     1 ||     5
Throw: Throwing net      |       |     1 |       ||     1
Evoke: Wand              |       |     1 |     3 ||     4
  Use: Potion            |       |     1 |     3 ||     4
 Stab: Sleeping          |     2 |    12 |       ||    14
Armor: Leather armour    |    30 |    16 |       ||    46
       Ring mail         |       |    37 |    25 ||    62
       Skin              |       |       |     4 ||     4
Dodge: Dodged            |    67 |    95 |    54 ||   216
Block: Other             |       |     1 |     7 ||     8
